 Dungeon Crawl Stone Soup version 0.28-a0-1382-g92835e5c71 (webtiles) character file.

Game seed: 10224107570797793147

9 rogsnak the Gusty (level 2, -2/19 HPs)
             Began as a Demonspawn Air Elementalist on Jan 2, 2022.
             Slain by a goblin (6 damage)
             ... on level 1 of the Dungeon.
             The game lasted 00:00:47 (340 turns).

rogsnak the Gusty (Demonspawn Air Elementalist)      Turns: 340, Time: 00:00:48

Health: -2/19      AC:  2    Str:  8    XL:     2   Next: 3%
Magic:  5/5        EV: 12    Int: 16    God:
Gold:   15         SH:  0    Dex: 13    Spells: 4/5 levels left

rFire   . . .      SeeInvis .   d - +0 war axe
rCold   . . .      Faith    .   (no shield)
rNeg    . . .      Spirit   .   a - +0 robe
rPois   .          Reflect  .   (helmet restricted)
rElec   .          Harm     .   (no cloak)
rCorr   .          Rampage  .   (no gloves)
Will    .....                   (no boots)
Stlth   ++........              (no amulet)
HPRegen 0.06/turn               (no ring)
MPRegen 0.09/turn               (no ring)

@: no status effects
A: horns 1
a: no special abilities


You were on level 1 of the Dungeon.
You visited 1 branch of the dungeon, and saw 1 of its levels.

You collected 15 gold pieces.

Inventory:

Hand Weapons
 c - a +0 dagger
 d - a +0 war axe (weapon)
Armour
 a - a +0 robe (worn)
Scrolls
 e - a scroll of identify {unknown}
Potions
 b - a potion of lignification {unknown}


   Skills:
 + Level 2.0 Dodging
 + Level 1.9 Stealth
 + Level 2.0 Spellcasting
 * Level 1.1 Conjurations
 + Level 2.9 Air Magic


You had 4 spell levels left.
You knew the following spells:

 Your Spells              Type           Power      Damage    Failure   Level
a - Shock                 Conj/Air       32%        1d5       9%          1

Your spell library contained the following spells:

 Spells                   Type           Power      Damage    Failure   Level
 Static Discharge         Conj/Air       8%         N/A       14%         2
 Swiftness                Air            11%        N/A       19%         3
 Airstrike                Air            5%         N/A       52%         4


Dungeon Overview and Level Annotations

Branches:
Dungeon (1/15)

Altars:


Innate Abilities, Weirdness & Mutations

You have a pair of small horns on your head.


Message History

Casting: Shock (safe; 9% risk of failure)
Confirm with . or Enter, or press ? or * to list all spells.
Aiming: Shock (safe; 9% risk of failure)
Press: ? - help, Shift-Dir - straight line, f - giant cockroach
Aim: a giant cockroach (asleep, 100% to hit)
The zap hits the giant cockroach.
The giant cockroach is heavily wounded.
Casting: Shock (safe; 9% risk of failure)
Confirm with . or Enter, or press ? or * to list all spells.
Aiming: Shock (safe; 9% risk of failure)
Press: ? - help, Shift-Dir - straight line, f/p - giant cockroach
Aim: a giant cockroach (heavily wounded, 68% to hit)
The zap hits the giant cockroach.
You kill the giant cockroach!
You have reached level 2!
You feel monstrous as your demonic heritage exerts itself.
Your demonic ancestry asserts itself...
A pair of horns grows on your head!
e - a scroll labelled DOAMUY ZEZIVO A goblin comes into view.
It is wielding a +0 hand axe.
The goblin moves out of view.
A goblin is nearby!
You barely miss the goblin. You headbutt the goblin.
The goblin is moderately wounded.
The goblin barely misses you.
You barely miss the goblin.
The goblin is moderately wounded.
The goblin hits you with a +0 hand axe. The goblin hits you but does no damage.
The goblin closely misses you. The goblin hits you with a +0 hand axe.
The goblin hits you with a +0 hand axe. The goblin barely misses you.
The goblin barely misses you. The goblin hits you with a +0 hand axe.
The goblin hits you with a +0 hand axe.
* * * LOW HITPOINT WARNING * * *
The goblin closely misses you. The goblin barely misses you.
The goblin hits you with a +0 hand axe.
You die...

#.......##### #.
#.#####...... #. #.#
####### ####.## #.# ##
.....# ##.## #.
#...###...## #.
#####...#......########.
..........#.............
......g@.....########...
#####.#.#.#..# #...
#.....#..# #... ##.###.#..#
#... # ##.## ##...# #... #.
#.#######..#########.. #.
##.......รท...(........#
#)###..#.....#..##...######
#......##...##.............


You could see a goblin.

Vanquished Creatures
  A ball python (D:1)
  A bat (D:1)
  An endoplasm (D:1)
  A giant cockroach (D:1)
  A goblin (D:1)
  A frilled lizard (D:1)
  A kobold (D:1)
  A rat (D:1)
8 creatures vanquished.

Notes
Turn   | Place    | Note
-------+----------+-------------------------------------------
     0 | D:1      | rogsnak the Demonspawn Air Elementalist began the quest for
                  | the Orb.
     0 | D:1      | Reached XP level 1. HP: 13/13 MP: 3/3
   254 | D:1      | Discovered your monstrous ancestry.
   254 | D:1      | Gained mutation: You have a pair of small horns on your
                  | head. [demonic ancestry]
   254 | D:1      | Reached XP level 2. HP: 19/19 MP: 1/5
   340 | D:1      | Slain by a goblin

Illustrated notes

Levels and vault maps discovered:
D:1:      roderic_crossed_star, layout_loops_ring

Skill      XL: |  1 |
---------------+----+-----
Dodging        | 2 |  2.0
Stealth        | |  1.9
Spellcasting   | |  2.0
Conjurations   | |  1.1
Air Magic      | |  2.9

Action                   || total
-------------------------++-------
Melee: Unarmed           ||     1
       War axe           ||     2
       Headbutt          ||     1
 Cast: Shock             ||    15
Armor: Robe              ||     2
Dodge: Dodged            ||     8

Table legend: (Time is in decaauts)
 A = Elapsed time spent in this place.
 B = Non-inter-level travel time spent in this place.
 C = Inter-level travel time spent in this place.
 D = Time resting spent in this place.
 E = Time spent auto-exploring this place.
 F = Levels seen in this place.
 G = Mean time per level.
                   A        B        C        D        E       F      G
               +--------+--------+--------+--------+--------+-----+--------+
         Total |    340 |    340 |      0 |     88 |    180 |   1 |  340.0 |
       Dungeon |    340 |    340 |      0 |     88 |    180 |   1 |  340.0 |
               +--------+--------+--------+--------+--------+-----+--------+

Top non-repeatable levels by time:
     D:1: 340 daAuts
